Golden Knights vs Flames
Created - February 15, 2021 at 19:18
Goals
|
| Golden Knights |
1 |
0 |
0 |
0 |
2 |
2 |
| Flames |
0 |
1 |
0 |
0 |
1 |
1 |
|
Shots
|
| Golden Knights |
15 |
10 |
12 |
1 |
3 |
38 |
| Flames |
21 |
6 |
3 |
0 |
3 |
30 |
|
1st period
1. Golden Knights , Mathew Dumba 4 (Michael Frolik 32, Ilya Kovalchuk 19) at 16:44 (PP)
Penalties :
Jimmy Hayes (Cal) for Roughing (Minor) at 15:52
2nd period
2. Flames , David Backes 17 (Eric Staal 38, Brad Marchand 22) at 2:25
Penalties :
Vladimir Mihalik (Vgs) for Tripping (Minor) at 3:00, Eric Staal (Cal) for Tripping (Minor) at 6:13, Colby Robak (Cal) for Tripping (Minor) at 8:18, Nathan Horton (Vgs) for Interference (Minor) at 13:03, Alexander Semin (Cal) for Hooking (Minor) at 16:42
3rd period
No Goal
Penalties :
Wayne Simmonds (Vgs) for Interference (Minor) at 6:14, Kyle Palmieri (Cal) for Hooking (Minor) at 8:26, Eric Staal (Cal) for Hooking (Minor) at 17:36
Overtime #1
No Goal
Penalties :
No Penalty
Shootout
Golden Knights, Michael Frolik - Goal!
Flames, Eric Staal - Stopped by Matt Hackett
Golden Knights, Ilya Kovalchuk - Goal!
Flames, Alexander Semin - Goal!
Golden Knights, Andrei Loktionov - Shot Misses the Net
Flames, David Backes - Shot Misses the Net
Penalties :
No Penalty
Goalie Stats
Matt Hackett (Vgs), 29 saves from 30 shots - (0.967), W, 5-1-1, 65:00 minutes
Henrik Lundqvist (Cal), 37 saves from 38 shots - (0.974), OTL, 22-11-4, 65:00 minutes
Players Stats for Golden Knights
Player Name G A P +/- PIM S H SB GA TA FO MP PP MP PK MP
------------------------------------------------------------------------------------
Andrei Loktionov 0 0 0 0 0 1 0 0 0 0 14/19 17:23 5:01 0:00
Chris Tierney 0 0 0 0 0 1 1 0 0 0 7/14 13:35 0:20 0:00
Ilya Kovalchuk 0 1 1 0 0 3 3 0 0 1 3/5 20:16 5:01 3:01
Jared Cowen 0 0 0 -1 0 2 0 0 0 0 0/0 25:51 5:40 3:51
Mathew Dumba 1 0 1 -1 0 3 3 0 0 5 0/0 26:24 5:21 2:41
Matt Stajan 0 0 0 0 0 4 1 0 1 0 7/18 16:16 5:26 0:00
Michael Frolik 0 1 1 0 0 4 2 0 2 0 0/1 18:34 5:01 2:57
Michael Kostka 0 0 0 0 0 3 1 0 0 1 0/0 21:10 0:00 1:29
Nathan Horton 0 0 0 0 2 4 3 1 0 0 0/1 13:41 0:20 0:10
Patrice Cormier 0 0 0 -1 0 3 1 0 0 1 6/13 11:14 0:00 0:00
Sergei Plotnikov 0 0 0 -1 0 1 2 1 0 0 0/0 14:33 0:00 2:53
Shawn Matthias 0 0 0 0 0 1 2 0 0 1 0/2 15:24 0:00 2:53
Thomas Vanek 0 0 0 0 0 3 1 0 0 0 0/2 16:27 5:26 0:00
Vladimir Mihalik 0 0 0 0 2 0 2 0 0 1 0/0 21:31 2:02 1:20
Vladimir Zharkov 0 0 0 -1 0 1 3 0 0 0 0/0 11:52 0:20 0:00
Wayne Simmonds 0 0 0 0 2 1 2 0 0 0 0/1 15:20 5:26 0:00
Wes O'Neill 0 0 0 0 0 0 2 2 0 0 0/0 15:17 3:05 2:33
Zach Bogosian 0 0 0 0 0 3 0 0 0 1 0/0 19:12 5:26 0:00
Players Stats for Flames
Player Name G A P +/- PIM S H SB GA TA FO MP PP MP PK MP
------------------------------------------------------------------------------------
Alexander Radulov 0 0 0 0 0 3 1 0 1 0 1/2 14:45 3:09 0:00
Alexander Semin 0 0 0 0 2 5 3 0 1 0 0/1 20:52 3:09 4:04
Anders Lee 0 0 0 0 0 1 1 0 0 0 3/6 9:41 0:00 0:07
Brad Marchand 0 1 1 1 0 0 3 0 0 0 3/4 20:13 2:48 1:08
Brendan Mikkelson 0 0 0 0 0 0 1 0 0 0 0/0 14:01 0:00 1:13
Christian Folin 0 0 0 0 0 0 1 0 0 0 0/0 11:54 0:00 0:00
Colby Robak 0 0 0 1 2 2 1 0 0 1 0/0 23:12 2:08 3:15
Colin Wilson 0 0 0 0 0 0 0 0 0 0 6/10 13:58 0:00 4:55
David Backes 1 0 1 1 0 4 3 1 1 1 0/1 19:46 0:00 5:35
David Ullstrom 0 0 0 0 0 1 0 0 1 1 1/2 9:58 0:00 0:00
Derek Meech 0 0 0 1 0 1 2 3 0 0 0/0 24:06 2:08 4:28
Eric Staal 0 1 1 1 4 4 3 0 3 0 18/30 19:59 3:09 0:00
Erik Johnson 0 0 0 0 0 1 0 1 1 0 0/0 28:39 3:49 6:19
Jimmy Hayes 0 0 0 0 2 2 0 0 0 0 0/0 11:41 2:48 0:00
Kyle Palmieri 0 0 0 0 2 2 0 0 1 0 0/0 8:11 0:00 0:00
Patrik Berglund 0 0 0 0 0 2 1 1 0 0 6/19 19:49 2:48 5:35
Sami Vatanen 0 0 0 0 0 2 2 0 2 0 0/0 28:07 3:49 6:19
Steve Regier 0 0 0 0 0 0 0 0 0 0 1/1 10:15 0:00 0:10
3 Stars
1 - Henrik Lundqvist (Cal)
2 - Matt Hackett (Vgs)
3 - David Backes (Cal)
Power Play
Golden Knights - 1 on 6 Attempt(s) - 16.67%
Flames - 0 on 3 Attempt(s) - 0.00%
Penalty Kill
Golden Knights - 3 on 3 Attempt(s) - 100.00%
- Score 0 goal in Penalty Kill
Flames - 5 on 6 Attempt(s) - 83.33%
- Score 0 goal in Penalty Kill
Team Stat
Golden Knights - Hits : 29 - Faceoff Wins : 37 - Blocked Shots : 4 - Penalty Minutes : 6
Flames - Hits : 22 - Faceoff Wins : 39 - Blocked Shots : 6 - Penalty Minutes : 12
Official
Referees : Unknown
Linesman : Unknown
Game Notes
Wes O'Neill is injured at 19:40 of 2nd period (Strained Right Elbow)
Finance
Level 1 -- Attendance: 4937 (82.28%) -- Ticket Income $548,007
Level 2 -- Attendance: 3938 (78.76%) -- Ticket Income $279,598
Level 3 -- Attendance: 1425 (71.25%) -- Ticket Income $65,550
Level 4 -- Attendance: 3047 (76.18%) -- Ticket Income $94,457
Luxury Box -- Attendance: 822 (82.20%) -- Ticket Income $161,112
Game was played at the Metal Center.
Total Attendance: 14169 (78.72%)
Total Ticket Income: $1,148,724
Other Income: $172,309
Total Income: $1,321,033
Golden Knights
5 vs 5 Forward
Center Left Wing Right Wing Time % Phy DF OF
1 Andrei Loktionov Thomas Vanek Michael Frolik 25 1 2 2
2 Matt Stajan Ilya Kovalchuk Wayne Simmonds 25 1 2 2
3 Patrice Cormier Sergei Plotnikov Vladimir Zharkov 25 1 2 2
4 Chris Tierney Shawn Matthias Nathan Horton 25 1 2 2
5 vs 5 Defense
Defense Defense Time % Phy DF OF
1 Wes O'Neill Michael Kostka 35 1 2 2
2 Vladimir Mihalik Zach Bogosian 35 1 2 2
3 Mathew Dumba Jared Cowen 30 1 2 2
4 Zach Bogosian Jared Cowen 0 1 2 2
PowerPlay Forward
Center Left Wing Right Wing Time % Phy DF OF
1 Andrei Loktionov Ilya Kovalchuk Michael Frolik 50 1 2 2
2 Matt Stajan Thomas Vanek Wayne Simmonds 50 1 2 2
PowerPlay Defense
Defense Defense Time % Phy DF OF
1 Zach Bogosian Jared Cowen 50 1 2 2
2 Wes O'Neill Mathew Dumba 50 1 2 2
Penalty Kill 4 Players Forward
Center Wing Time % Phy DF OF
1 Ilya Kovalchuk Michael Frolik 50 1 2 2
2 Sergei Plotnikov Shawn Matthias 50 1 2 2
Penalty Kill 4 Players Defense
Defense Defense Time % Phy DF OF
1 Wes O'Neill Jared Cowen 50 1 2 2
2 Vladimir Mihalik Mathew Dumba 50 1 2 2
Penalty Kill - 3 Players Forward
Forward Time % Phy DF OF
1 Ilya Kovalchuk 60 1 2 2
2 Michael Frolik 40 1 2 2
Penalty Kill - 3 Players Defense
Defense Defense Time % Phy DF OF
1 Vladimir Mihalik Jared Cowen 69 1 2 2
2 Michael Kostka Wes O'Neill 31 1 2 2
4 vs 4 Forward
Center Wing Time % Phy DF OF
1 Andrei Loktionov Ilya Kovalchuk 60 1 2 2
2 Matt Stajan Shawn Matthias 40 1 2 2
4 vs 4 Defense
Defense Defense Time % Phy DF OF
1 Wes O'Neill Michael Kostka 60 1 2 2
2 Vladimir Mihalik Jared Cowen 40 1 2 2
Last Minutes Offensive
Center Left Wing Right Wing Defense Defense
Andrei Loktionov Ilya Kovalchuk Thomas Vanek Zach Bogosian Jared Cowen
Last Minutes Defensive
Center Left Wing Right Wing Defense Defense
Matt Stajan Sergei Plotnikov Michael Frolik Wes O'Neill Vladimir Mihalik
Goaltenders
Starting : Matt Hackett
Backup : Ondrej Pavelec
Extra Forwards
Normal : Chris Tierney, Nathan Horton, Thomas Vanek - PP : Chris Tierney, Vladimir Zharkov - PK : Nathan Horton
Extra Defensemen
Normal : Vladimir Mihalik, Wes O'Neill, Michael Kostka - PP : Vladimir Mihalik - PK : Wes O'Neill, Michael Kostka
Penalty Shots
Michael Frolik, Ilya Kovalchuk, Andrei Loktionov, Matt Stajan, Wayne Simmonds
Scratches
None
Flames
5 vs 5 Forward
Center Left Wing Right Wing Time % Phy DF OF
1 Eric Staal Brad Marchand David Backes 40 1 2 2
2 Patrik Berglund Alexander Semin Alexander Radulov 33 1 2 2
3 Colin Wilson Steve Regier Jimmy Hayes 19 1 2 2
4 Anders Lee David Ullstrom Kyle Palmieri 8 1 2 2
5 vs 5 Defense
Defense Defense Time % Phy DF OF
1 Erik Johnson Sami Vatanen 38 1 2 2
2 Derek Meech Colby Robak 29 2 2 1
3 Christian Folin Brendan Mikkelson 23 2 2 1
4 Derek Meech Colby Robak 10 2 2 1
PowerPlay Forward
Center Left Wing Right Wing Time % Phy DF OF
1 Eric Staal Alexander Semin Alexander Radulov 60 1 2 2
2 Patrik Berglund Brad Marchand Jimmy Hayes 40 1 2 2
PowerPlay Defense
Defense Defense Time % Phy DF OF
1 Erik Johnson Sami Vatanen 60 1 2 2
2 Derek Meech Colby Robak 40 1 2 2
Penalty Kill 4 Players Forward
Center Wing Time % Phy DF OF
1 Patrik Berglund David Backes 50 1 3 1
2 Colin Wilson Alexander Semin 50 1 3 1
Penalty Kill 4 Players Defense
Defense Defense Time % Phy DF OF
1 Erik Johnson Sami Vatanen 58 1 3 1
2 Derek Meech Colby Robak 42 1 3 1
Penalty Kill - 3 Players Forward
Forward Time % Phy DF OF
1 Eric Staal 50 1 4 0
2 Brad Marchand 50 1 4 0
Penalty Kill - 3 Players Defense
Defense Defense Time % Phy DF OF
1 Erik Johnson Sami Vatanen 58 1 4 0
2 Derek Meech Colby Robak 42 1 4 0
4 vs 4 Forward
Center Wing Time % Phy DF OF
1 Eric Staal Alexander Semin 60 2 2 1
2 Colin Wilson Brad Marchand 40 2 2 1
4 vs 4 Defense
Defense Defense Time % Phy DF OF
1 Erik Johnson Sami Vatanen 60 2 2 1
2 Derek Meech Colby Robak 40 2 2 1
Last Minutes Offensive
Center Left Wing Right Wing Defense Defense
Eric Staal Alexander Semin David Backes Erik Johnson Sami Vatanen
Last Minutes Defensive
Center Left Wing Right Wing Defense Defense
Eric Staal Alexander Semin David Backes Erik Johnson Sami Vatanen
Goaltenders
Starting : Henrik Lundqvist
Backup : Christopher Gibson
Extra Forwards
Normal : Brad Marchand, Alexander Semin, David Ullstrom - PP : David Ullstrom, Colin Wilson - PK : Brad Marchand
Extra Defensemen
Normal : Sami Vatanen, Derek Meech, Colby Robak - PP : Derek Meech - PK : Brendan Mikkelson, Christian Folin
Penalty Shots
Eric Staal, Alexander Semin, David Backes, Brad Marchand, Patrik Berglund
Scratches
None
% Time on Ice - Golden Knights
Lines # - Real PCT - Wanted PCT - Time Play
Normal Forward
1 - 25% - 25% - 10:54
2 - 23% - 25% - 9:56
3 - 26% - 25% - 11:14
4 - 26% - 25% - 11:12
Normal Defense
1 - 39% - 35% - 16:57
2 - 32% - 35% - 13:54
3 - 27% - 30% - 11:33
4 - 2% - 0% - 0:52
PP Forward
1 - 47% - 50% - 5:01
2 - 53% - 50% - 5:46
PP Defense
1 - 50% - 50% - 5:26
2 - 50% - 50% - 5:21
PK Forward
1 - 50% - 50% - 2:57
2 - 50% - 50% - 3:00
PK Defense
1 - 60% - 50% - 3:33
2 - 40% - 50% - 2:24
PK3 Forward
1 - 0% - 60%
2 - 0% - 40%
PK3 Defense
1 - 0% - 69%
2 - 0% - 31%
44 Forward
1 - 81% - 60% - 4:03
2 - 19% - 40% - 0:57
44 Defense
1 - 73% - 60% - 3:40
2 - 27% - 40% - 1:20
Last Minute Offensive - 0:00
Last Minute Defensive - 0:00
Total
Forward - 65:00
Defense - 65:00
|
% Time on Ice - Flames
Lines # - Real PCT - Wanted PCT - Time Play
Normal Forward
1 - 34% - 40% - 14:46
2 - 27% - 33% - 11:28
3 - 21% - 19% - 8:53
4 - 19% - 8% - 8:09
Normal Defense
1 - 36% - 38% - 15:37
2 - 29% - 29% - 12:41
3 - 27% - 23% - 11:43
4 - 8% - 10% - 3:15
PP Forward
1 - 53% - 60% - 3:09
2 - 47% - 40% - 2:48
PP Defense
1 - 64% - 60% - 3:49
2 - 36% - 40% - 2:08
PK Forward
1 - 52% - 50% - 5:35
2 - 48% - 50% - 5:12
PK Defense
1 - 59% - 58% - 6:19
2 - 41% - 42% - 4:28
PK3 Forward
1 - 0% - 50%
2 - 0% - 50%
PK3 Defense
1 - 0% - 58%
2 - 0% - 42%
44 Forward
1 - 100% - 60% - 5:00
2 - 0% - 40% - 0:00
44 Defense
1 - 57% - 60% - 2:50
2 - 43% - 40% - 2:10
Last Minute Offensive - 0:00
Last Minute Defensive - 0:00
Total
Forward - 65:00
Defense - 65:00
|
Play-by-Play
1st period
0:01 of 1st period - Andrei Loktionov wins face-off versus Eric Staal in neutral zone.
0:16 of 1st period - Snap shot by Michael Frolik.
0:16 of 1st period - Stopped by Henrik Lundqvist without a rebound.
0:17 of 1st period - Patrik Berglund wins face-off versus Matt Stajan in Flames zone.
0:30 of 1st period - Snap shot by Patrik Berglund.
0:30 of 1st period - Deflect By Alexander Radulov.
0:30 of 1st period - Shot Misses the Net.
0:30 of 1st period - Puck is out of play.
0:31 of 1st period - Steve Regier wins face-off versus Patrice Cormier in Golden Knights zone.
0:34 of 1st period - Snap shot by Jimmy Hayes.
0:34 of 1st period - Stopped by Matt Hackett with a rebound.
0:59 of 1st period - Off-side.
1:00 of 1st period - Anders Lee wins face-off versus Shawn Matthias in neutral zone.
1:05 of 1st period - Snap shot by Kyle Palmieri.
1:05 of 1st period - Stopped by Matt Hackett without a rebound.
1:06 of 1st period - Brad Marchand wins face-off versus Wayne Simmonds in Golden Knights zone.
2:01 of 1st period - Snap shot by Shawn Matthias.
2:01 of 1st period - Shot Misses the Net.
3:15 of 1st period - Slapshot by Steve Regier.
3:15 of 1st period - Shot Misses the Net.
3:31 of 1st period - Patrik Berglund is hit by Vladimir Zharkov and loses puck.
4:09 of 1st period - Ilya Kovalchuk is hit by Eric Staal and loses puck.
4:28 of 1st period - Snap shot by Andrei Loktionov.
4:28 of 1st period - Shot Misses the Net.
4:30 of 1st period - Slapshot by Michael Kostka.
4:30 of 1st period - Stopped by Henrik Lundqvist without a rebound.
4:31 of 1st period - Eric Staal wins face-off versus Patrice Cormier in Flames zone.
4:31 of 1st period - Eric Staal is hit by Vladimir Zharkov.
4:57 of 1st period - Mathew Dumba is hit by Alexander Semin and loses puck.
5:02 of 1st period - Snap shot by Alexander Semin.
5:02 of 1st period - Stopped by Matt Hackett without a rebound.
5:03 of 1st period - Alexander Radulov wins face-off versus Thomas Vanek in Golden Knights zone.
5:06 of 1st period - Wrist shot by Alexander Semin.
5:06 of 1st period - Stopped by Matt Hackett without a rebound.
5:07 of 1st period - Andrei Loktionov wins face-off versus Patrik Berglund in Golden Knights zone.
5:18 of 1st period - Slapshot by Andrei Loktionov.
5:18 of 1st period - Deflect By Thomas Vanek.
5:18 of 1st period - Stopped by Henrik Lundqvist without a rebound.
5:19 of 1st period - Patrice Cormier wins face-off versus Eric Staal in Flames zone.
5:20 of 1st period - Wrist shot by Sergei Plotnikov.
5:20 of 1st period - Shot Misses the Net.
6:59 of 1st period - Snap shot by Patrice Cormier.
6:59 of 1st period - Shot Misses the Net.
7:05 of 1st period - Slapshot by Vladimir Zharkov.
7:05 of 1st period - Deflect By Patrice Cormier.
7:05 of 1st period - Shot Misses the Net.
7:05 of 1st period - Puck is out of play.
7:06 of 1st period - Chris Tierney wins face-off versus David Backes in Flames zone.
7:07 of 1st period - Snap shot by Nathan Horton.
7:07 of 1st period - Stopped by Henrik Lundqvist without a rebound.
7:08 of 1st period - Eric Staal wins face-off versus Chris Tierney in Flames zone.
7:35 of 1st period - Snap shot by Alexander Semin.
7:35 of 1st period - Deflect By Patrik Berglund.
7:35 of 1st period - Stopped by Matt Hackett with a rebound.
7:37 of 1st period - Slapshot by Patrik Berglund.
7:37 of 1st period - Stopped by Matt Hackett with a rebound.
7:39 of 1st period - Snap shot by Alexander Semin.
7:39 of 1st period - Stopped by Matt Hackett with a rebound.
7:54 of 1st period - Icing by Andrei Loktionov.
7:55 of 1st period - Matt Stajan wins face-off versus Anders Lee in Golden Knights zone.
8:24 of 1st period - Christian Folin is hit by Wes O'Neill and loses puck.
8:52 of 1st period - Snap shot by Patrik Berglund.
8:52 of 1st period - Deflect By Alexander Semin.
8:52 of 1st period - Shot Blocked by Wes O'Neill.
8:52 of 1st period - Puck is out of play.
8:53 of 1st period - Chris Tierney wins face-off versus Alexander Radulov in Golden Knights zone.
9:00 of 1st period - Slapshot by Alexander Radulov.
9:00 of 1st period - Stopped by Matt Hackett with a rebound.
9:02 of 1st period - Slapshot by Derek Meech.
9:02 of 1st period - Deflect By Alexander Radulov.
9:02 of 1st period - Stopped by Matt Hackett without a rebound.
9:03 of 1st period - Matt Stajan wins face-off versus Patrik Berglund in Golden Knights zone.
10:12 of 1st period - Colby Robak is hit by Wayne Simmonds.
11:06 of 1st period - Slapshot by David Backes.
11:06 of 1st period - Shot Misses the Net.
11:57 of 1st period - Slapshot by Alexander Radulov.
11:57 of 1st period - Deflect By Alexander Semin.
11:57 of 1st period - Stopped by Matt Hackett without a rebound.
11:58 of 1st period - Eric Staal wins face-off versus Chris Tierney in Golden Knights zone.
12:09 of 1st period - Wrist shot by David Backes.
12:09 of 1st period - Stopped by Matt Hackett with a rebound.
12:11 of 1st period - Wrist shot by Eric Staal.
12:11 of 1st period - Deflect By David Backes.
12:11 of 1st period - Deflect By Chris Tierney.
12:11 of 1st period - Stopped by Matt Hackett without a rebound.
12:12 of 1st period - Ilya Kovalchuk wins face-off versus Brad Marchand in Golden Knights zone.
12:12 of 1st period - Ilya Kovalchuk is hit by Eric Staal.
13:18 of 1st period - Chris Tierney is hit by Christian Folin and loses puck.
13:24 of 1st period - Off-side.
13:25 of 1st period - Eric Staal wins face-off versus Matt Stajan in neutral zone.
13:34 of 1st period - Wrist shot by Eric Staal.
13:34 of 1st period - Stopped by Matt Hackett without a rebound.
13:35 of 1st period - Eric Staal wins face-off versus Matt Stajan in Golden Knights zone.
14:23 of 1st period - Wrist shot by Eric Staal.
14:23 of 1st period - Stopped by Matt Hackett without a rebound.
14:24 of 1st period - Patrik Berglund wins face-off versus Andrei Loktionov in Golden Knights zone.
14:33 of 1st period - Snap shot by Alexander Semin.
14:33 of 1st period - Stopped by Matt Hackett with a rebound.
14:35 of 1st period - Slapshot by Derek Meech.
14:35 of 1st period - Stopped by Matt Hackett without a rebound.
14:36 of 1st period - Patrik Berglund wins face-off versus Patrice Cormier in Golden Knights zone.
15:09 of 1st period - Snap shot by Chris Tierney.
15:09 of 1st period - Stopped by Henrik Lundqvist without a rebound.
15:10 of 1st period - Chris Tierney wins face-off versus Eric Staal in Flames zone.
15:11 of 1st period - Wrist shot by Nathan Horton.
15:11 of 1st period - Stopped by Henrik Lundqvist without a rebound.
15:12 of 1st period - Andrei Loktionov wins face-off versus Eric Staal in Flames zone.
15:52 of 1st period - Minor Penalty to Jimmy Hayes for Roughing.
15:53 of 1st period - Andrei Loktionov wins face-off versus Patrik Berglund in Flames zone.
15:57 of 1st period - Snap shot by Ilya Kovalchuk.
15:57 of 1st period - Stopped by Henrik Lundqvist with a rebound.
15:59 of 1st period - Slapshot by Wes O'Neill.
15:59 of 1st period - Shot Blocked by David Backes.
16:01 of 1st period - Wrist shot by Ilya Kovalchuk.
16:01 of 1st period - Stopped by Henrik Lundqvist without a rebound.
16:02 of 1st period - Andrei Loktionov wins face-off versus Patrik Berglund in Flames zone.
16:09 of 1st period - Slapshot by Michael Frolik.
16:09 of 1st period - Stopped by Henrik Lundqvist with a rebound.
16:11 of 1st period - Wrist shot by Ilya Kovalchuk.
16:11 of 1st period - Stopped by Henrik Lundqvist without a rebound.
16:12 of 1st period - Colin Wilson wins face-off versus Matt Stajan in Flames zone.
16:17 of 1st period - Slapshot by Erik Johnson.
16:17 of 1st period - Stopped by Matt Hackett with a rebound.
16:23 of 1st period - Slapshot by Matt Stajan.
16:23 of 1st period - Deflect By Thomas Vanek.
16:23 of 1st period - Stopped by Henrik Lundqvist without a rebound.
16:24 of 1st period - Colin Wilson wins face-off versus Thomas Vanek in Flames zone.
16:24 of 1st period - Colin Wilson is hit by Thomas Vanek.
16:36 of 1st period - Wrist shot by Thomas Vanek.
16:36 of 1st period - Stopped by Henrik Lundqvist without a rebound.
16:37 of 1st period - Andrei Loktionov wins face-off versus Patrik Berglund in Flames zone.
16:42 of 1st period - Wrist shot by Michael Frolik.
16:42 of 1st period - Shot Misses the Net.
16:44 of 1st period - Slapshot by Mathew Dumba.
16:44 of 1st period - Goal by Mathew Dumba - Golden Knights : 1 - Flames : 0.
16:45 of 1st period - Eric Staal wins face-off versus Chris Tierney in neutral zone.
16:50 of 1st period - Snap shot by David Backes.
16:50 of 1st period - Deflect By Eric Staal.
16:50 of 1st period - Stopped by Matt Hackett with a rebound.
16:52 of 1st period - Slapshot by Colby Robak.
16:52 of 1st period - Stopped by Matt Hackett without a rebound.
16:53 of 1st period - Eric Staal wins face-off versus Chris Tierney in Golden Knights zone.
17:00 of 1st period - Snap shot by Eric Staal.
17:00 of 1st period - Stopped by Matt Hackett without a rebound.
17:01 of 1st period - Andrei Loktionov wins face-off versus Patrik Berglund in Golden Knights zone.
17:38 of 1st period - Slapshot by Vladimir Zharkov.
17:38 of 1st period - Deflect By Patrice Cormier.
17:38 of 1st period - Shot Misses the Net.
17:38 of 1st period - Puck is out of play.
17:39 of 1st period - Chris Tierney wins face-off versus Eric Staal in Flames zone.
18:12 of 1st period - Wrist shot by Matt Stajan.
18:12 of 1st period - Stopped by Henrik Lundqvist with a rebound.
18:14 of 1st period - Slapshot by Vladimir Mihalik.
18:14 of 1st period - Deflect By Matt Stajan.
18:14 of 1st period - Stopped by Henrik Lundqvist without a rebound.
18:15 of 1st period - Matt Stajan wins face-off versus Patrik Berglund in Flames zone.
18:42 of 1st period - Sami Vatanen is hit by Sergei Plotnikov and loses puck.
19:31 of 1st period - Slapshot by David Ullstrom.
19:31 of 1st period - Stopped by Matt Hackett without a rebound.
19:32 of 1st period - Brad Marchand wins face-off versus Patrice Cormier in Golden Knights zone.
19:45 of 1st period - Snap shot by Vladimir Zharkov.
19:45 of 1st period - Deflect By Patrice Cormier.
19:45 of 1st period - Shot Misses the Net.
19:45 of 1st period - Puck is out of play.
19:46 of 1st period - Patrik Berglund wins face-off versus Matt Stajan in Flames zone.
Goals for this period are 1 for Golden Knights vs 0 for Flames.
Shots for this period are 15 for Golden Knights vs 21 for Flames.
2nd period
0:01 of 2nd period - Andrei Loktionov wins face-off versus Eric Staal in neutral zone.
0:04 of 2nd period - Slapshot by Zach Bogosian.
0:04 of 2nd period - Shot Misses the Net.
1:33 of 2nd period - Michael Frolik is hit by Brendan Mikkelson and loses puck.
1:46 of 2nd period - Jared Cowen is hit by Eric Staal and loses puck.
1:54 of 2nd period - Icing by Jared Cowen.
1:55 of 2nd period - Patrik Berglund wins face-off versus Chris Tierney in Golden Knights zone.
2:04 of 2nd period - Patrik Berglund is hit by Nathan Horton and loses puck.
2:25 of 2nd period - Wrist shot by David Backes.
2:25 of 2nd period - Goal by David Backes - Golden Knights : 1 - Flames : 1.
2:26 of 2nd period - Eric Staal wins face-off versus Matt Stajan in neutral zone.
2:39 of 2nd period - Wrist shot by David Backes.
2:39 of 2nd period - Stopped by Matt Hackett without a rebound.
2:40 of 2nd period - Patrice Cormier wins face-off versus Patrik Berglund in Golden Knights zone.
2:53 of 2nd period - Backhand shot by Alexander Radulov.
2:53 of 2nd period - Shot Blocked by Sergei Plotnikov.
2:55 of 2nd period - Wrist shot by Alexander Radulov.
2:55 of 2nd period - Shot Blocked by Wes O'Neill.
2:57 of 2nd period - Snap shot by Alexander Radulov.
2:57 of 2nd period - Stopped by Matt Hackett without a rebound.
2:58 of 2nd period - Andrei Loktionov wins face-off versus Eric Staal in Golden Knights zone.
3:00 of 2nd period - Minor Penalty to Vladimir Mihalik for Tripping.
3:01 of 2nd period - Eric Staal wins face-off versus Ilya Kovalchuk in Golden Knights zone.
4:56 of 2nd period - Icing by Alexander Semin.
4:57 of 2nd period - Eric Staal wins face-off versus Nathan Horton in Flames zone.
5:00 of 2nd period - Penalty to Vladimir Mihalik is over, Vladimir Mihalik is back on ice.
5:02 of 2nd period - Wrist shot by Nathan Horton.
5:02 of 2nd period - Stopped by Henrik Lundqvist without a rebound.
5:03 of 2nd period - Patrice Cormier wins face-off versus Anders Lee in Flames zone.
5:12 of 2nd period - Wrist shot by Zach Bogosian.
5:12 of 2nd period - Shot Blocked by Derek Meech.
5:48 of 2nd period - Wrist shot by Kyle Palmieri.
5:48 of 2nd period - Stopped by Matt Hackett with a rebound.
5:50 of 2nd period - Slapshot by Derek Meech.
5:50 of 2nd period - Shot Misses the Net.
5:52 of 2nd period - Snap shot by Anders Lee.
5:52 of 2nd period - Stopped by Matt Hackett with a rebound.
5:54 of 2nd period - Slapshot by Colby Robak.
5:54 of 2nd period - Shot Misses the Net.
5:56 of 2nd period - Slapshot by Colby Robak.
5:56 of 2nd period - Stopped by Matt Hackett without a rebound.
5:57 of 2nd period - Eric Staal wins face-off versus Matt Stajan in Golden Knights zone.
6:13 of 2nd period - Minor Penalty to Eric Staal for Tripping.
6:14 of 2nd period - Colin Wilson wins face-off versus Matt Stajan in Flames zone.
7:12 of 2nd period - Mathew Dumba is hit by Derek Meech and loses puck.
7:44 of 2nd period - Erik Johnson is hit by Ilya Kovalchuk and loses puck.
8:01 of 2nd period - Colin Wilson is hit by Wayne Simmonds and loses puck.
8:13 of 2nd period - Penalty to Eric Staal is over, Eric Staal is back on ice.
8:18 of 2nd period - Minor Penalty to Colby Robak for Tripping.
8:19 of 2nd period - Matt Stajan wins face-off versus Colin Wilson in Flames zone.
8:24 of 2nd period - Snap shot by Matt Stajan.
8:24 of 2nd period - Shot Misses the Net.
10:04 of 2nd period - Derek Meech is hit by Wes O'Neill.
10:18 of 2nd period - Penalty to Colby Robak is over, Colby Robak is back on ice.
10:51 of 2nd period - Colin Wilson is hit by Nathan Horton and loses puck.
11:04 of 2nd period - Sergei Plotnikov is hit by David Backes and loses puck.
11:27 of 2nd period - Vladimir Mihalik is hit by Alexander Radulov and loses puck.
11:38 of 2nd period - Michael Kostka is hit by Derek Meech and loses puck.
11:51 of 2nd period - Snap shot by Wayne Simmonds.
11:51 of 2nd period - Shot Misses the Net.
12:03 of 2nd period - Matt Stajan is hit by Sami Vatanen and loses puck.
13:03 of 2nd period - Minor Penalty to Nathan Horton for Interference.
13:04 of 2nd period - Eric Staal wins face-off versus Ilya Kovalchuk in Golden Knights zone.
13:31 of 2nd period - Patrik Berglund is hit by Sergei Plotnikov and loses puck.
13:41 of 2nd period - Off-side.
13:42 of 2nd period - Ilya Kovalchuk wins face-off versus Alexander Semin in neutral zone.
13:58 of 2nd period - Erik Johnson is hit by Shawn Matthias and loses puck.
14:48 of 2nd period - Vladimir Mihalik is hit by Brad Marchand and loses puck.
15:03 of 2nd period - Penalty to Nathan Horton is over, Nathan Horton is back on ice.
15:07 of 2nd period - Backhand shot by Michael Frolik.
15:07 of 2nd period - Shot Blocked by Derek Meech.
15:11 of 2nd period - Wrist shot by Michael Frolik.
15:11 of 2nd period - Shot Hit the Post.
15:13 of 2nd period - Backhand shot by Mathew Dumba.
15:13 of 2nd period - Stopped by Henrik Lundqvist with a rebound.
15:15 of 2nd period - Snap shot by Michael Frolik.
15:15 of 2nd period - Stopped by Henrik Lundqvist with a rebound.
15:17 of 2nd period - Slapshot by Nathan Horton.
15:17 of 2nd period - Deflect By Eric Staal.
15:17 of 2nd period - Shot Misses the Net.
15:17 of 2nd period - Puck is out of play.
15:18 of 2nd period - Patrice Cormier wins face-off versus Anders Lee in Flames zone.
15:19 of 2nd period - Slapshot by Michael Kostka.
15:19 of 2nd period - Stopped by Henrik Lundqvist without a rebound.
15:20 of 2nd period - Anders Lee wins face-off versus Patrice Cormier in Flames zone.
15:20 of 2nd period - Anders Lee is hit by Mathew Dumba.
15:26 of 2nd period - Wrist shot by Kyle Palmieri.
15:26 of 2nd period - Shot Misses the Net.
15:33 of 2nd period - Icing by Michael Kostka.
15:34 of 2nd period - Eric Staal wins face-off versus Patrice Cormier in Golden Knights zone.
15:49 of 2nd period - Snap shot by Michael Kostka.
15:49 of 2nd period - Stopped by Henrik Lundqvist without a rebound.
15:50 of 2nd period - Andrei Loktionov wins face-off versus Patrik Berglund in Flames zone.
15:53 of 2nd period - Snap shot by Andrei Loktionov.
15:53 of 2nd period - Shot Misses the Net.
15:55 of 2nd period - Snap shot by Jared Cowen.
15:55 of 2nd period - Shot Misses the Net.
15:57 of 2nd period - Slapshot by Andrei Loktionov.
15:57 of 2nd period - Stopped by Henrik Lundqvist with a rebound.
16:01 of 2nd period - Wrist shot by Michael Frolik.
16:01 of 2nd period - Shot Misses the Net.
16:03 of 2nd period - Wrist shot by Thomas Vanek.
16:03 of 2nd period - Deflect By Alexander Radulov.
16:03 of 2nd period - Shot Blocked by Patrik Berglund.
16:03 of 2nd period - Puck is out of play.
16:04 of 2nd period - Matt Stajan wins face-off versus Eric Staal in Flames zone.
16:07 of 2nd period - Wrist shot by Ilya Kovalchuk.
16:07 of 2nd period - Shot Misses the Net.
16:15 of 2nd period - Slapshot by Wayne Simmonds.
16:15 of 2nd period - Stopped by Henrik Lundqvist with a rebound.
16:17 of 2nd period - Wrist shot by Wes O'Neill.
16:17 of 2nd period - Shot Misses the Net.
16:19 of 2nd period - Backhand shot by Wes O'Neill.
16:19 of 2nd period - Deflect By Matt Stajan.
16:19 of 2nd period - Stopped by Henrik Lundqvist with a rebound.
16:37 of 2nd period - Icing by Michael Frolik.
16:38 of 2nd period - Andrei Loktionov wins face-off versus Patrik Berglund in Golden Knights zone.
16:42 of 2nd period - Minor Penalty to Alexander Semin for Hooking.
16:43 of 2nd period - Brad Marchand wins face-off versus Andrei Loktionov in Flames zone.
16:55 of 2nd period - Slapshot by Michael Frolik.
16:55 of 2nd period - Shot Misses the Net.
16:57 of 2nd period - Snap shot by Mathew Dumba.
16:57 of 2nd period - Stopped by Henrik Lundqvist with a rebound.
18:21 of 2nd period - Patrik Berglund is hit by Ilya Kovalchuk and loses puck.
18:42 of 2nd period - Penalty to Alexander Semin is over, Alexander Semin is back on ice.
19:11 of 2nd period - Snap shot by Patrice Cormier.
19:11 of 2nd period - Stopped by Henrik Lundqvist without a rebound.
19:12 of 2nd period - Patrice Cormier wins face-off versus Patrik Berglund in Flames zone.
19:29 of 2nd period - Snap shot by Sergei Plotnikov.
19:29 of 2nd period - Shot Misses the Net.
19:39 of 2nd period - Wes O'Neill is hit by Patrik Berglund.
19:40 of 2nd period - Wes O'Neill from Golden Knights is injured at 19:40 of 2nd period (Strained Right Elbow).
19:41 of 2nd period - Matt Stajan wins face-off versus Eric Staal in Golden Knights zone.
19:52 of 2nd period - Slapshot by Matt Stajan.
19:52 of 2nd period - Shot Blocked by Erik Johnson.
Goals for this period are 0 for Golden Knights vs 1 for Flames.
Shots for this period are 10 for Golden Knights vs 6 for Flames.
3rd period
0:01 of 3rd period - Eric Staal wins face-off versus Andrei Loktionov in neutral zone.
0:32 of 3rd period - Nathan Horton is hit by Brad Marchand and loses puck.
0:39 of 3rd period - David Backes is hit by Nathan Horton and loses puck.
1:12 of 3rd period - Off-side.
1:13 of 3rd period - Andrei Loktionov wins face-off versus Colin Wilson in neutral zone.
1:32 of 3rd period - Erik Johnson is hit by Michael Frolik and loses puck.
1:42 of 3rd period - Off-side.
1:43 of 3rd period - Anders Lee wins face-off versus Shawn Matthias in neutral zone.
1:49 of 3rd period - Icing by Mathew Dumba.
1:50 of 3rd period - Chris Tierney wins face-off versus David Ullstrom in Golden Knights zone.
2:28 of 3rd period - Brendan Mikkelson is hit by Chris Tierney and loses puck.
2:53 of 3rd period - Slapshot by Kyle Palmieri.
2:53 of 3rd period - Shot Blocked by Nathan Horton.
3:09 of 3rd period - Slapshot by Nathan Horton.
3:09 of 3rd period - Stopped by Henrik Lundqvist without a rebound.
3:10 of 3rd period - Eric Staal wins face-off versus Matt Stajan in Flames zone.
4:47 of 3rd period - Alexander Radulov is hit by Michael Frolik and loses puck.
4:58 of 3rd period - Brendan Mikkelson is hit by Vladimir Zharkov and loses puck.
5:24 of 3rd period - Derek Meech is hit by Shawn Matthias and loses puck.
5:35 of 3rd period - Wrist shot by Jimmy Hayes.
5:35 of 3rd period - Shot Misses the Net.
5:37 of 3rd period - Backhand shot by Sami Vatanen.
5:37 of 3rd period - Stopped by Matt Hackett with a rebound.
5:39 of 3rd period - Slapshot by Sami Vatanen.
5:39 of 3rd period - Stopped by Matt Hackett without a rebound.
5:40 of 3rd period - Eric Staal wins face-off versus Andrei Loktionov in Golden Knights zone.
5:50 of 3rd period - Slapshot by Michael Frolik.
5:50 of 3rd period - Stopped by Henrik Lundqvist without a rebound.
5:51 of 3rd period - Eric Staal wins face-off versus Matt Stajan in Flames zone.
6:14 of 3rd period - Minor Penalty to Wayne Simmonds for Interference.
6:15 of 3rd period - Ilya Kovalchuk wins face-off versus Eric Staal in Golden Knights zone.
8:14 of 3rd period - Penalty to Wayne Simmonds is over, Wayne Simmonds is back on ice.
8:26 of 3rd period - Minor Penalty to Kyle Palmieri for Hooking.
8:27 of 3rd period - Colin Wilson wins face-off versus Matt Stajan in Flames zone.
8:36 of 3rd period - Snap shot by Jared Cowen.
8:36 of 3rd period - Deflect By David Backes.
8:36 of 3rd period - Stopped by Henrik Lundqvist without a rebound.
8:37 of 3rd period - Matt Stajan wins face-off versus Patrik Berglund in Flames zone.
8:40 of 3rd period - Snap shot by Matt Stajan.
8:40 of 3rd period - Shot Blocked by Derek Meech.
9:02 of 3rd period - Slapshot by Zach Bogosian.
9:02 of 3rd period - Stopped by Henrik Lundqvist without a rebound.
9:03 of 3rd period - Patrik Berglund wins face-off versus Michael Frolik in Flames zone.
9:03 of 3rd period - Patrik Berglund is hit by Vladimir Mihalik.
10:26 of 3rd period - Penalty to Kyle Palmieri is over, Kyle Palmieri is back on ice.
10:54 of 3rd period - Shawn Matthias is hit by David Backes and loses puck.
11:11 of 3rd period - Vladimir Zharkov is hit by Alexander Semin and loses puck.
11:23 of 3rd period - Off-side.
11:24 of 3rd period - Andrei Loktionov wins face-off versus Colin Wilson in neutral zone.
11:49 of 3rd period - Matt Stajan is hit by Colby Robak and loses puck.
11:56 of 3rd period - Derek Meech is hit by Michael Kostka and loses puck.
12:36 of 3rd period - Snap shot by David Ullstrom.
12:36 of 3rd period - Shot Misses the Net.
12:42 of 3rd period - Vladimir Zharkov is hit by Anders Lee and loses puck.
14:07 of 3rd period - Chris Tierney is hit by Sami Vatanen and loses puck.
14:52 of 3rd period - Snap shot by Jimmy Hayes.
14:52 of 3rd period - Stopped by Matt Hackett with a rebound.
15:06 of 3rd period - Slapshot by Jared Cowen.
15:06 of 3rd period - Deflect By Patrik Berglund.
15:06 of 3rd period - Stopped by Henrik Lundqvist without a rebound.
15:07 of 3rd period - Chris Tierney wins face-off versus Patrik Berglund in Flames zone.
15:14 of 3rd period - Patrik Berglund is hit by Vladimir Mihalik and loses puck.
15:21 of 3rd period - Slapshot by Shawn Matthias.
15:21 of 3rd period - Stopped by Henrik Lundqvist without a rebound.
15:22 of 3rd period - Colin Wilson wins face-off versus Patrice Cormier in Flames zone.
15:22 of 3rd period - Colin Wilson is hit by Patrice Cormier.
15:28 of 3rd period - Wrist shot by Patrice Cormier.
15:28 of 3rd period - Stopped by Henrik Lundqvist without a rebound.
15:29 of 3rd period - Patrice Cormier wins face-off versus Colin Wilson in Flames zone.
15:32 of 3rd period - Snap shot by Vladimir Zharkov.
15:32 of 3rd period - Stopped by Henrik Lundqvist with a rebound.
15:52 of 3rd period - Slapshot by Zach Bogosian.
15:52 of 3rd period - Deflect By Sergei Plotnikov.
15:52 of 3rd period - Stopped by Henrik Lundqvist with a rebound.
15:54 of 3rd period - Slapshot by Zach Bogosian.
15:54 of 3rd period - Deflect By Steve Regier.
15:54 of 3rd period - Stopped by Henrik Lundqvist with a rebound.
15:56 of 3rd period - Slapshot by Zach Bogosian.
15:56 of 3rd period - Stopped by Henrik Lundqvist without a rebound.
15:57 of 3rd period - Chris Tierney wins face-off versus Eric Staal in Flames zone.
17:13 of 3rd period - Slapshot by Patrice Cormier.
17:13 of 3rd period - Deflect By Steve Regier.
17:13 of 3rd period - Stopped by Henrik Lundqvist with a rebound.
17:19 of 3rd period - Backhand shot by Steve Regier.
17:19 of 3rd period - Deflect By Jimmy Hayes.
17:19 of 3rd period - Shot Misses the Net.
17:19 of 3rd period - Puck is out of play.
17:20 of 3rd period - Eric Staal wins face-off versus Chris Tierney in Golden Knights zone.
17:36 of 3rd period - Minor Penalty to Eric Staal for Hooking.
17:37 of 3rd period - Colin Wilson wins face-off versus Andrei Loktionov in Flames zone.
17:49 of 3rd period - Slapshot by Erik Johnson.
17:49 of 3rd period - Shot Misses the Net.
18:07 of 3rd period - Wrist shot by Alexander Semin.
18:07 of 3rd period - Shot Misses the Net.
19:35 of 3rd period - Ilya Kovalchuk is hit by David Backes and loses puck.
19:36 of 3rd period - Penalty to Eric Staal is over, Eric Staal is back on ice.
Goals for this period are 0 for Golden Knights vs 0 for Flames.
Shots for this period are 12 for Golden Knights vs 3 for Flames.
Overtime #1
0:01 of 1st overtime period - Andrei Loktionov wins face-off versus Eric Staal in neutral zone.
0:40 of 1st overtime period - Michael Kostka is hit by Alexander Semin and loses puck.
1:11 of 1st overtime period - Derek Meech is hit by Mathew Dumba and loses puck.
2:08 of 1st overtime period - Steve Regier is hit by Matt Stajan and loses puck.
2:28 of 1st overtime period - Icing by Erik Johnson.
2:29 of 1st overtime period - David Ullstrom wins face-off versus Chris Tierney in Flames zone.
2:34 of 1st overtime period - Zach Bogosian is hit by Brad Marchand.
2:38 of 1st overtime period - David Ullstrom is hit by Mathew Dumba and loses puck.
3:02 of 1st overtime period - Colby Robak is hit by Ilya Kovalchuk and loses puck.
3:33 of 1st overtime period - Wrist shot by Matt Stajan.
3:33 of 1st overtime period - Stopped by Henrik Lundqvist with a rebound.
Goals for this period are 0 for Golden Knights vs 0 for Flames.
Shots for this period are 1 for Golden Knights vs 0 for Flames.
ShootOut
5:00 of 1st overtime period - Round #1.
5:00 of 1st overtime period - Golden Knights, Michael Frolik.
5:00 of 1st overtime period - Snap shot by Michael Frolik.
5:00 of 1st overtime period - Goal by Michael Frolik.
5:00 of 1st overtime period - Flames, Eric Staal.
5:00 of 1st overtime period - Snap shot by Eric Staal.
5:00 of 1st overtime period - Stopped by Matt Hackett.
5:00 of 1st overtime period - Round #2.
5:00 of 1st overtime period - Golden Knights, Ilya Kovalchuk.
5:00 of 1st overtime period - Snap shot by Ilya Kovalchuk.
5:00 of 1st overtime period - Goal by Ilya Kovalchuk.
5:00 of 1st overtime period - Flames, Alexander Semin.
5:00 of 1st overtime period - Wrist shot by Alexander Semin.
5:00 of 1st overtime period - Goal by Alexander Semin.
5:00 of 1st overtime period - Round #3.
5:00 of 1st overtime period - Golden Knights, Andrei Loktionov.
5:00 of 1st overtime period - Deke by Andrei Loktionov.
5:00 of 1st overtime period - Shot Misses the Net.
5:00 of 1st overtime period - Flames, David Backes.
5:00 of 1st overtime period - Deke by David Backes.
5:00 of 1st overtime period - Shot Misses the Net.